 Dungeon Crawl Stone Soup version 0.16.2-12-gd0ad4c3 (webtiles) character file.

1932 faibistes the Thaumaturge (level 8, -4/45 HPs)
             Began as a Deep Elf Wizard on Sept 25, 2018.
             Was a Follower of Sif Muna.
             Slain by a wyvern zombie (12 damage)
             ... on level 7 of the Dungeon.
             The game lasted 00:16:33 (8381 turns).

faibistes the Thaumaturge (Deep Elf Wizard)         Turns: 8381, Time: 00:16:33

Health: -4/45      AC:  3    Str:  4      XL:     8   Next: 97%
Magic:  14/28      EV: 14    Int: 26      God:    Sif Muna [*.....]
Gold:   342        SH:  0    Dex: 12 (13) Spells: 8 memorised, 6 levels left

rFire  . . .     SeeInvis .     w - +2 dagger (venom)
rCold  . . .     Clarity  .     A - +1 robe {MR+}
rNeg   . . .     SustAb   .     (no shield)
rPois  .         Gourm    .     b - +0 hat
rElec  .         Spirit   .     (no cloak)
rCorr  .         Warding  .     (no gloves)
rMut   .         Stasis   .     (no boots)
MR     +....                    (no amulet)
Stlth  ++........               (no ring)
                                (no ring)

@: very slightly contaminated, repel missiles, somewhat resistant to hostile
enchantments, unstealthy
A: no striking features
a: Channel Energy, Renounce Religion


You were on level 7 of the Dungeon.
You worshipped Sif Muna.
Sif Muna was aware of your devotion.
You were not hungry.

You visited 2 branches of the dungeon, and saw 9 of its levels.

You collected 342 gold pieces.

Inventory:

Hand weapons
 e - a cursed +0 club
 h - a +0 short sword
 i - a +0 dagger
 w - a +2 dagger of venom (weapon)
Armour
 a - a +0 robe
 b - a +0 hat (worn)
 A - a +1 robe of magic resistance (worn)
Jewellery
 v - a +4 ring of evasion {unknown}
Magical devices
 p - a wand of polymorph (10)
 B - a wand of polymorph (13)
 E - a wand of digging (9)
 G - a wand of fireball (5)
Scrolls
 g - a scroll of fear {unknown}
 k - 2 scrolls of identify {unknown}
 t - a scroll of teleportation {unknown}
 u - a scroll of silence {unknown}
 x - 2 scrolls of noise {unknown}
 y - 3 scrolls of amnesia
 F - a scroll of enchant weapon {unknown}
 J - a scroll of magic mapping {unknown}
Potions
 f - 2 potions of flight {unknown}
 j - 3 potions of heal wounds {unknown}
 m - 6 potions of curing
 n - a potion of resistance {unknown}
 o - a potion of mutation {unknown}
 q - a potion of degeneration {unknown}
 s - a potion of cancellation {unknown}
 z - a potion of might {unknown}
 H - a potion of haste {unknown}
Books
 c - a book of Minor Magic

   Spells                             Type                      Level
   a - Magic Dart                     Conjuration                  1
   b - Blink                          Translocation                2
   c - Call Imp                       Summoning                    2
   d - Repel Missiles                 Charms/Air                   2
   e - Slow                           Hexes                        2
   f - Conjure Flame                  Conjuration/Fire             3
   g - Mephitic Cloud                 Conjuration/Poison/Air       3
 r - a Necronomicon {highlevel, unknown}

   This book is beyond your current level of understanding.

   Spells                             Type                      Level
   a - Haunt                          Necromancy/Summoning         7
   b - Borgnjor's Revivification      Necromancy                   8
   c - Death's Door                   Charms/Necromancy            8
   d - Necromutation                  Transmutation/Necromancy     8
 C - a book of Alchemy

   Spells                             Type                      Level
   a - Sublimation of Blood           Necromancy                   2
   b - Alistair's Intoxication        Transmutation/Poison         4
   c - Condensation Shield            Ice                          4
   d - Petrify                        Transmutation/Earth          4
   e - Ignite Poison                  Fire/Transmutation           5
   f - Irradiate                      Conjuration/Transmutation    5
 D - a book of Conjurations

   Spells                             Type                      Level
   a - Magic Dart                     Conjuration                  1
   b - Searing Ray                    Conjuration                  2
   c - Dazzling Spray                 Conjuration/Hexes            3
   d - Fulminant Prism                Conjuration/Hexes            4
   e - Iskenderun's Mystic Blast      Conjuration                  4
   f - Iskenderun's Battlesphere      Conjuration/Charms           5
Comestibles
 d - 6 bread rations
 l - 3 meat rations
 I - 7 chunks of flesh


   Skills:
 - Level 2.6 Fighting
 + Level 5.7 Dodging
 - Level 2.4 Stealth
 * Level 9.5 Spellcasting
 * Level 5.2 Conjurations
 - Level 1.1 Summonings
 - Level 2.2 Translocations
 * Level 3.5 Fire Magic
 * Level 2.8 Air Magic
 + Level 2.2 Poison Magic
 - Level 2.9 Evocations


You had 6 spell levels left.
You knew the following spells:

 Your Spells              Type           Power        Failure   Level  Hunger
a - Magic Dart            Conj           ####         1%          1    None
b - Conjure Flame         Conj/Fire      #####...     2%          3    None
c - Call Imp              Summ           ###.....     6%          2    None
d - Blink                 Tloc           N/A          2%          2    None
e - Mephitic Cloud        Conj/Pois/Air  ####....     4%          3    None
f - Repel Missiles        Chrm/Air       ###...       4%          2    None
g - Dazzling Spray        Conj/Hex       ####....     6%          3    None
z - Iskenderun's Mystic   Conj           #####...     8%          4    #......


Dungeon Overview and Level Annotations

Branches:
Dungeon (8/15)             Temple (1/1) D:5
   Lair: D:8-11

Altars:
Ashenzari
Cheibriados
Dithmenos
Elyvilon
Fedhas
Gozag
Kikubaaqudgha
Makhleb
Nemelex Xobeh
Okawaru
Qazlal
Ru
Sif Muna
Trog
Vehumet
Xom
Yredelemnul
Zin
The Shining One

Shops:
D:5 %   D:7 [

Annotations:
D:6 Duvessa


Message History

Confirm with . or Enter, or press ? or * to list all spells.
Aiming: Conjure Flame
Press: ? - help, Dir - move target cursor You miscast Conjure Flame.
You are very lightly contaminated with residual magic.
Wisps of smoke drift from your hands.
Casting: Conjure Flame
Confirm with . or Enter, or press ? or * to list all spells.
You blink.
Casting: Blink
Confirm with . or Enter, or press ? or * to list all spells.
Aiming: Conjure Flame
Press: ? - help, Dir - move target cursor The fire roars!
The wyvern zombie is engulfed in roaring flames.
The wyvern zombie bites you.
* * * LOW HITPOINT WARNING * * *
The wyvern zombie is engulfed in roaring flames.
The wyvern zombie bites you!
You die...

.................#
............[§...# ..
................####...
..................#>...
..............§.........
........................
........................
..............§..........
...........###.Z@...##.
.##.......## #.....##
..................##
..................#
.÷...............##
........##########
......##. .....#..#
.....# ##


You could see a wyvern zombie.

Vanquished Creatures
  A water moccasin (D:5)
  2 ice beasts (D:6)
  2 phantoms
  2 centaurs (D:6)
  3 ogres
  A big kobold (D:4)
  3 scorpions
  Dowan (D:6)
  A quasit (D:7)
  2 centaur skeletons
  3 giant frog skeletons
  3 orc wizards (D:4)
  2 orc priests
  An iguana (D:5)
  Natasha (thrice) (D:3)
  7 worker ants
  A mummy (D:7)
  3 gnolls (D:4)
  6 adders
  A shadow imp (D:6)
  An adder zombie (D:6)
  An adder skeleton (D:4)
  6 oozes
  13 orcs
  A bat skeleton (D:5)
  7 giant cockroaches
  12 hobgoblins
  2 jackals (D:7)
  12 kobolds
  3 quokkas
  A ball python (D:2)
  14 bats
  4 giant newts
  13 goblins
  14 rats
152 creatures vanquished.

Vanquished Creatures (collateral kills)
  A gnoll (D:4)
  An adder (D:2)
  3 jackals (D:1)
5 creatures vanquished.

Vanquished Creatures (others)
  An iron imp (D:4)
  A white imp (D:5)
  A quokka (D:2)
3 creatures vanquished.

Grand Total: 160 creatures vanquished

Notes
Turn   | Place    | Note
--------------------------------------------------------------
     0 | D:1      | faibistes, the Deep Elf Wizard, began the quest for the Orb.
     0 | D:1      | Reached XP level 1. HP: 10/10 MP: 6/6
     0 | D:1      | Noticed a spriggan
     0 | D:1      | Noticed an octopode
     1 | D:1      | Noticed a formicid zombie
     5 | D:1      | Noticed a centaur skeleton
     6 | D:1      | Noticed a spriggan
    10 | D:1      | Noticed a draconian zombie
    12 | D:1      | Noticed a naga
    12 | D:1      | Noticed an elf skeleton
    13 | D:1      | Noticed a vine stalker skeleton
    14 | D:1      | Noticed a merfolk skeleton
    16 | D:1      | Noticed a spriggan zombie
    16 | D:1      | Noticed a troll
    18 | D:1      | Noticed a gargoyle
    19 | D:1      | Noticed a human
   432 | D:1      | Reached XP level 2. HP: 15/15 MP: 8/10
   595 | D:1      | Learned a level 2 spell: Blink
   598 | D:1      | Learned a level 2 spell: Call Imp
   785 | D:3      | Reached skill level 5 in Spellcasting
  1293 | D:2      | Reached XP level 3. HP: 19/19 MP: 5/14
  1357 | D:2      | Learned a level 3 spell: Conjure Flame
  1361 | D:2      | Learned a level 3 spell: Mephitic Cloud
  1835 | D:2      | Learned a level 2 spell: Repel Missiles
  1957 | D:2      | Found a stormy altar of Qazlal.
  2025 | D:2      | Reached XP level 4. HP: 24/24 MP: 14/17
  2731 | D:3      | Reached skill level 6 in Spellcasting
  2809 | D:3      | Reached XP level 5. HP: 23/28 MP: 15/20
  2843 | D:3      | Noticed Natasha
  2858 | D:3      | Killed Natasha
  3096 | D:3      | Noticed Natasha
  3101 | D:3      | Killed Natasha
  3208 | D:3      | Noticed Natasha
  3213 | D:3      | Killed Natasha
  3441 | D:5      | Entered Level 5 of the Dungeon
  3576 | D:4      | Noticed a phantom
  3588 | D:4      | Killed a phantom
  3588 | D:4      | Reached skill level 7 in Spellcasting
  3588 | D:4      | Reached XP level 6. HP: 20/32 MP: 15/23
  3934 | D:4      | Noticed a big kobold
  3945 | D:4      | Killed a big kobold
  3945 | D:4      | Reached skill level 1 in Fighting
  3945 | D:4      | Reached skill level 1 in Evocations
  4145 | D:4      | Reached XP level 7. HP: 38/38 MP: 16/25
  4862 | D:5      | Found Arisosoa's Food Shop.
  4887 | D:5      | Noticed an ogre
  4901 | D:5      | Killed an ogre
  4901 | D:5      | Reached skill level 8 in Spellcasting
  5381 | D:5      | Learned a level 4 spell: Iskenderun's Mystic Blast
  5385 | D:5      | Learned a level 3 spell: Dazzling Spray
  5681 | D:5      | Found a staircase to the Ecumenical Temple.
  5688 | Temple   | Entered the Ecumenical Temple
  5702 | Temple   | Became a worshipper of Sif Muna the Loreminder
  6415 | D:6      | Noticed an ice beast
  6425 | D:6      | Killed an ice beast
  6425 | D:6      | Reached skill level 5 in Dodging
  6425 | D:6      | Reached XP level 8. HP: 45/45 MP: 15/28
  6513 | D:6      | Noticed an ice beast
  6525 | D:6      | Killed an ice beast
  6525 | D:6      | Reached skill level 1 in Fire Magic
  6525 | D:6      | Reached skill level 1 in Air Magic
  6677 | D:6      | Noticed a centaur
  6685 | D:6      | Killed a centaur
  6685 | D:6      | Reached skill level 1 in Poison Magic
  6752 | D:6      | Reached skill level 9 in Spellcasting
  6766 | D:6      | Noticed a centaur
  6773 | D:6      | Killed a centaur
  6773 | D:6      | Acquired Sif Muna's first power
  6911 | D:6      | Noticed an ogre
  6919 | D:6      | Killed an ogre
  7092 | D:6      | Found a sparkling altar of Nemelex Xobeh.
  7523 | D:6      | Noticed Dowan
  7525 | D:6      | Noticed Duvessa
  7545 | D:6      | Killed Dowan
  7751 | D:6      | Noticed an ogre
  7762 | D:6      | Killed an ogre
  7863 | D:7      | Reached skill level 5 in Conjurations
  8352 | D:7      | Found Blin's Antique Armour Shop.
  8381 | D:7      | Slain by a wyvern zombie

Action                   |  1- 3 |  4- 6 |  7- 9 || total
-------------------------+-------+-------+-------++-------
Melee: Unarmed           |    10 |       |       ||    10
       Dagger            |       |     4 |    50 ||    54
 Cast: Magic Dart        |    85 |   128 |   154 ||   367
       Call Imp          |     5 |       |     4 ||     9
       Repel Missiles    |     1 |     1 |       ||     2
       Mephitic Cloud    |       |    10 |    12 ||    22
       Conjure Flame     |       |     3 |    19 ||    22
       Iskenderun's Myst |       |       |    19 ||    19
       Blink             |       |       |     4 ||     4
       Dazzling Spray    |       |       |     3 ||     3
Invok: Channel Energy    |       |       |     3 ||     3
  Use: Scroll            |       |       |     1 ||     1
 Stab: Distracted        |       |       |     1 ||     1
       Confused          |       |       |     1 ||     1
  Eat: Chunk             |     3 |     7 |    13 ||    23
